 Dungeon Crawl Stone Soup version 0.29-a0-775-g4d7333d4e2 (webtiles) character file.

Game seed: 13890505916786701757

21 oldriver the Magician (level 2, -3/13 HPs)
             Began as a Vine Stalker Hedge Wizard on July 1, 2022.
             Slain by Sigmund
             ... wielding a +0 scythe
              (10 damage)
             ... on level 2 of the Dungeon.
             The game lasted 00:01:11 (1037 turns).

oldriver the Magician (Vine Stalker Hedge Wizard)   Turns: 1037, Time: 00:01:12

Health: -3/13      AC:  3    Str: 12    XL:     2   Next: 83%
Magic:  0/8        EV: 12    Int: 14    God:
Gold:   77         SH:  0    Dex: 13    Spells: 8/9 levels left

rFire   . . .      SeeInvis .   a - +0 dagger (protect)
rCold   . . .      Faith    .   (no shield)
rNeg    . . .      Spirit   +   b - +0 robe
rPois   .          Reflect  .   c - +1 hat
rElec   .          Harm     .   (no cloak)
rCorr   .          Rampage  .   (no gloves)
Will    .....                   (no boots)
Stlth   ++........              (no amulet)
HPRegen 0.04/turn               (no ring)
MPRegen 0.11/turn               (no ring)

@: very slightly contaminated
A: fangs 2, magic shield, antimagic bite, no potion heal 2
a: no special abilities


You were on level 2 of the Dungeon.
You visited 1 branch of the dungeon, and saw 2 of its levels.

You collected 77 gold pieces.

Inventory:

Hand Weapons
 a - a +0 dagger of protection (weapon)
Missiles
 g - 3 atropa-tipped darts
Armour
 b - a +0 robe (worn)
 c - a +1 hat (worn)
Jewellery
 i - a ring of poison resistance
Scrolls
 e - 2 scrolls of teleportation
 h - a scroll of enchant armour
 j - a scroll of identify {unknown}
 k - a scroll of fear {unknown}
Potions
 d - a potion of magic
 f - 4 potions of curing {unknown}


   Skills:
 - Level 1.5 Dodging
 - Level 2.4 Stealth
 * Level 4.0 Spellcasting
 + Level 1.6 Conjurations
 - Level 1.0 Summonings
 - Level 1.0 Translocations


You had 8 spell levels left.
You knew the following spells:

 Your Spells              Type           Power      Damage    Failure   Level
a - Magic Dart            Conj           28%        1d4       10%         1

Your spell library contained the following spells:

 Spells                   Type           Power      Damage    Failure   Level
 Slow                     Hex            8%         N/A       19%         1
 Blink                    Tloc           10%        N/A       19%         2
 Call Imp                 Summ           5%         N/A       19%         2
 Conjure Flame            Conj/Fire      5%         6-21      38%         3
 Mephitic Cloud           Conj/Pois/Air  4%         N/A       43%         3


Dungeon Overview and Level Annotations

Branches:
Dungeon (2/15)

Altars:
Uskayaw

Annotations:
D:2 Sigmund


Innate Abilities, Weirdness & Mutations

You have extremely sharp teeth.
When hurt, damage is shared between your health and your magic reserves.
Your bite disrupts and absorbs the magic of your enemies.
Potions cannot restore your health.


Message History

The magic dart hits the hobgoblin.
You kill the hobgoblin!
The magic dart hits the rat.
The rat is heavily wounded.
You are out of magic!
You are out of magic!
You are out of magic!
You are out of magic!
A rat is nearby!
The magic dart hits the rat.
You kill the rat!
Your Spellcasting skill increases to level 4!
You are out of magic!
You are out of magic!
Found an escape hatch in the ceiling.
Things that are here:
a +0 spear; 6 stones Sigmund is nearby!
Sigmund is nearby!
The magic dart hits Sigmund.
Sigmund is lightly wounded.
Sigmund shouts!
The magic dart hits Sigmund.
Sigmund is lightly wounded.
Sigmund casts a spell at you. You resist with significant effort.
You miscast Magic Dart.
You are very lightly contaminated with residual magic.
Nothing appears to happen.
Sigmund hits you from afar with a +0 scythe!
There is an escape hatch in the ceiling here.
The magic dart hits Sigmund but does no damage.
Sigmund is lightly wounded.
The magic dart hits Sigmund.
Sigmund is moderately wounded.
Sigmund hits you but does no damage.
A worm comes into view.
Sigmund hits you from afar with a +0 scythe!
Ouch! That really hurt!
You die...

.<......########..†....#.
###.....# ##.)_......
#.....# #.......###
###.....# #..........
.##<....# #..........
..#.....# #..........
#.......# ##..........
........######...........
#..##.#.........@........
##........##........##..
##..#.........@#.####
#..................## #..
#..####.............. ..
. #.........w...####..#
#. .. .#.####....... #@#
.##.. ...## ....
#.########....# ....#
#...........#


You could see Sigmund and a worm (wandering).

Vanquished Creatures
  2 dart slugs
  2 ball pythons
  An endoplasm (D:2)
  A giant cockroach (D:2)
  4 hobgoblins
  2 frilled lizards (D:1)
  2 kobolds (D:2)
  3 rats
17 creatures vanquished.

Notes
Turn   | Place    | Note
-------+----------+-------------------------------------------
     0 | D:1      | oldriver the Vine Stalker Hedge Wizard began the quest for
                  | the Orb.
     0 | D:1      | Reached XP level 1. HP: 9/9 MP: 5/5
   411 | D:1      | Reached XP level 2. HP: 13/13 MP: 4/7
   613 | D:2      | Noticed Sigmund
   618 | D:2      | Found a faded altar of an unknown god.
   933 | D:2      | Found a hide-covered altar of Uskayaw.
   950 | D:2      | Reached skill level 4 in Spellcasting
  1037 | D:2      | Slain by Sigmund

Illustrated notes

Levels and vault maps discovered:
D:1:      onia_arrival_pentagram, layout_rooms, feat_on_display
D:2:      layout_rooms, basic_altar, shapermc_ecumenical_altar_venn,
          uniq_sigmund

Skill      XL: |  1  2 |
---------------+-------+-----
Spellcasting   | 4 |  4.0
Dodging        | |  1.5
Stealth        | |  2.4
Conjurations   | |  1.6
Summonings     | |  1.0
Translocations | |  1.0

Action                   || total
-------------------------++-------
Melee: Dagger            ||     5
       Bite              ||     2
 Cast: Magic Dart        ||    42
  Use: Scroll            ||     3
 Stab: Sleeping          ||     1
Armor: Robe              ||     3
Dodge: Dodged            ||     4

Table legend: (Time is in decaauts)
 A = Elapsed time spent in this place.
 B = Non-inter-level travel time spent in this place.
 C = Inter-level travel time spent in this place.
 D = Time resting spent in this place.
 E = Time spent auto-exploring this place.
 F = Levels seen in this place.
 G = Mean time per level.
                   A        B        C        D        E       F      G
               +--------+--------+--------+--------+--------+-----+--------+
         Total |   1036 |   1027 |      9 |     98 |    787 |   2 |  518.0 |
       Dungeon |   1036 |   1027 |      9 |     98 |    787 |   2 |  518.0 |
               +--------+--------+--------+--------+--------+-----+--------+

Top non-repeatable levels by time:
     D:1: 562 daAuts
     D:2: 474 daAuts
